Unix NetHack Version 5.0.0-0 post-release - last build Jun 10 2026 00:39:30 (3ee93aec679c4c4259841fe613dc97188e26a321,branch:main).

Game began 2026-07-01 21:08:03, ended 2026-07-01 21:34:56.

IanCurtis, chaotic male elven Wizard

                    --
                   |.                .
          ----    --.-             --#------
     ---- |..|    |..|              .....`.
    --..|--..--   |..| ---------   -......-
   --...--....|   |..|`|...|...|   |......
  --<.....-...--   -.#.|...|...|   |.....`+
  |............--  |.|.|...|...|   |......|
  --............-- |.|.|... ...--+--......----- --- -- |
  --.............--|.|.--|---.--...`...................|
  |.......---......|.))[[)......%...{........{.........|
  --.....-- ---......|.--.---.--.....--.o.--     ......|
   |.....|    |......|.|...|...|----.|..o..|     -- -- |
   ---...--   ---....|.|...|...|   |.|....*|
     |....--    --.|.|.|`..|..(|    .|.`o..|
     ---...-     --|.|.| ..|...|   |.|.)o@.|
       --...|      |.|.---------   -.-------
         ----      |.|.             .
                   |.------        ---
                   |......`
                   --- ---
IanCurtis the Thaumaturge  St:12 Dx:9 Co:14 In:20 Wi:10 Ch:10  Chaotic
Dlvl:5  $:85 HP:0(46) Pw:3(93) AC:9  Xp:7 T:3025 

Latest messages:
 Rukagora of Zaulog puts on an iron skull cap.
 There are several objects here.
 In what direction? l
 The spell hits Rukagora of Zaulog!
 Rukagora of Zaulog picks up an iron skull cap.
 In what direction? l
 The spell hits Rukagora of Zaulog!
 You kill Rukagora of Zaulog!
 There are many objects here.
 $ - 32 gold pieces (85 in total).
 O - an iron wand.
 In what direction? l
 The spell hits the gas spore!
 You kill the gas spore!
 Boom!
 There are several objects here.
 P - 10 poisoned crude arrows.
 Gris-uunai of Zaulog picks up a green gem.
 Gris-uunai of Zaulog picks up a coarse mantelet.
 Gris-uunai of Zaulog picks up a crude short sword.
 Akhaithos-og of Zaulog hits!
 Akhaithos-og of Zaulog hits!
 Gris-uunai of Zaulog puts on a coarse mantelet.
 Akhaithos-og of Zaulog hits!
 In what direction? h
 The spell hits Akhaithos-og of Zaulog!
 You kill Akhaithos-og of Zaulog!
 The spell hits the orc-captain!
 The orc-captain picks up a yellowish brown gem.
 Gris-uunai of Zaulog picks up an iron skull cap.
 You hit Uakhog of Zaulog.
 Uakhog of Zaulog thrusts his crude dagger.
 Uakhog of Zaulog hits!
 You hit Uakhog of Zaulog!
 You kill Uakhog of Zaulog!
 In what direction? k
 The spell hits Gris-uunai of Zaulog!
 The spell misses Aun-airuk of Zaulog.
 You kill Gris-uunai of Zaulog!
 Haiaiul of Zaulog picks up an iron skull cap.
 You hit Haiaiul of Zaulog.
 Haiaiul of Zaulog hits!
 Aun-airuk of Zaulog picks up an iron skull cap.
 You kill Haiaiul of Zaulog!
 Ugorog of Zaulog picks up a chain mail.
 You hit Aun-airuk of Zaulog.
 Ugorog of Zaulog hits!
 Aun-airuk of Zaulog hits!
 You die...
 Do you want your possessions identified? [ynq] (y) q

Inventory:
 Coins    ('$')
  $ - 85 gold pieces
 Weapons  (')')
  B - 12 poisoned +0 crossbow bolts
  P - 10 poisoned +0 orcish arrows
  K - a +0 orcish dagger
  y - the cursed +0 Sting
  a - a blessed +1 quarterstaff (weapon in hands)
 Armor    ('[')
  I - an uncursed +0 orcish helm
  F - a cursed -2 pair of levitation boots
  b - an uncursed +0 cloak of magic resistance (being worn)
 Scrolls  ('?')
  x - an uncursed scroll of amnesia
  u - an uncursed scroll of create monster
  i - an uncursed scroll of earth
  j - an uncursed scroll of light
  E - an uncursed scroll of punishment
  G - a cursed scroll of punishment
 Spellbooks  ('+')
  m - an uncursed spellbook of extra healing
  l - a blessed spellbook of force bolt
 Potions  ('!')
  t - a blessed potion of invisibility
  g - an uncursed potion of water
 Rings    ('=')
  e - an uncursed ring of polymorph
  N - a cursed ring of regeneration
  J - an uncursed ring of sustain ability
 Wands    ('/')
  O - a wand of cancellation (0:6)
  c - a wand of secret door detection (0:11)
  M - a wand of striking (0:0)
 Tools    ('(')
  k - an uncursed lock pick
  n - a magic marker (0:20)
  d - a +0 pick-axe
  L - 4 uncursed tallow candles

IanCurtis the Wizard's attributes:

Background:
 You were a Thaumaturge, a level 7 male elven Wizard.
 You were chaotic, nominally on a mission for Anhur
 who was opposed by Ptah (lawful) and Thoth (neutral).
 You were right-handed.
 You were in the Gnomish Mines, on level 5.
 You entered the dungeon 3025 turns ago.
 There was a full moon in effect when your adventure ended.
 You had 972 experience points, 308 more were needed to attain level 8.

Basics:
 You had 0 out of 46 hit points.
 You had 3 out of 93 energy points (spell power).
 Your armor class was 9.
 Your wallet contained 85 zorkmids.
 Autopickup was off.

Final Characteristics:
 Your strength was 12 (peak:13, limit:18).
 Your dexterity was 9 (limit:18).
 Your constitution was 14 (limit:16).
 Your intelligence was 20 (limit:20).
 Your wisdom was 10 (limit:20).
 Your charisma was 10 (limit:18).

Final Status:
 You weren't hungry.
 You were unencumbered.
 You were wielding a quarterstaff.
 You had basic skill with quarterstaff.

Final Attributes:
 You were piously aligned.
 You were magic-protected.
 You were sleep resistant.
 You were level-drain resistant.
 You had infravision.
 You aggravated monsters.
 You were warded.
 You were a werejackal.
 You were harmed by silver.
 You were lucky.
 You are dead.

Miscellaneous:
 You didn't encounter any bones levels.
 Total elapsed playing time was 26 minutes and 53 seconds.

Major events:
 Turn
    1: IanCurtis the chaotic male elven Wizard entered the dungeon
  462: entered the Gnomish Mines
  465: attained the rank of Conjurer (level 3)
  839: became literate by naming Sting
 1272: attained the rank of Thaumaturge (level 6)
 2131: reached Mine Town
 3025: killed by an Uruk-hai called Aun-airuk of Zaulog

Spells:
 Name                 Level Category     Fail Retention
 force bolt             1   attack         0%   81%-90%
 extra healing          3   healing       54%  76%-100%

Skills:
 Fighting Skills
   bare handed combat [Unskilled]
   riding             [Unskilled]
 Weapon Skills
   dagger             [Unskilled]
   knife              [Unskilled]
   axe                [Unskilled]
   short sword        [Unskilled]
   club               [Unskilled]
   mace               [Unskilled]
   quarterstaff       [Basic]
   polearms           [Unskilled]
   spear              [Unskilled]
   trident            [Unskilled]
   sling              [Unskilled]
   dart               [Unskilled]
   shuriken           [Unskilled]
 Spellcasting Skills
   attack spells      [Basic]
   healing spells     [Unskilled]
   divination spells  [Unskilled]
   enchantment spells [Basic]
   clerical spells    [Unskilled]
   escape spells      [Unskilled]
   matter spells      [Unskilled]

Voluntary challenges:
 Character rerolling was not enabled.
 You were an atheist.
 You never genocided any monsters.
 You never polymorphed an object.
 You used no wishes.
Achievements:
 You entered a shop.
 You entered the Gnomish Mines.
 You attained the rank of Conjurer.
 You attained the rank of Thaumaturge.
 You entered Minetown.

 The Dungeons of Doom: levels 1 to 2
    Level 1:
    Level 2:
       A general store, many fountains.
       Stairs down to The Gnomish Mines.
 The Gnomish Mines: levels 3 to 5
    Level 3:
    Level 4:
    Level 5: <- You were here.
       An altar, some fountains.
       Final resting place for
          you, killed by an Uruk-hai called Aun-airuk of Zaulog.


Vanquished creatures:
  4 orc-captains
  a Mordor orc
  2 Uruk-hai
  5 orc shamans
  a rock mole
  a pony
  a fog cloud
  3 yellow lights
  6 gnome leaders
  a kitten
  4 dwarves
 12 hill orcs
  2 giant bats
  a dwarf zombie
  a werejackal
 an iguana
  a coyote
  a gas spore
  3 hobbits
  a hobgoblin
 17 gnomes
  a gecko
  2 jackals
  2 kobolds
  3 goblins
  a sewer rat
  2 grid bugs
  5 lichens
  2 newts
87 creatures vanquished.

No species were genocided or became extinct.

Game over:
                       ----------
                      /          \
                     /    REST    \
                    /      IN      \
                   /     PEACE      \
                  /                  \
                  |    IanCurtis     |
                  |      85 Au       |
                  |   killed by an   |
                  | Uruk-hai called  |
                  |   Aun-airuk of   |
                  |      Zaulog      |
                  |       2026       |
                 *|     *  *  *      | *
        _________)/\\_//(\/(/\)/\//\/|_)_______

Goodbye IanCurtis the Wizard...

You died in The Gnomish Mines on dungeon level 5 with 4165 points,
and 85 pieces of gold, after 3025 moves.
You were level 7 with a maximum of 46 hit points when you died.

